 Dungeon Crawl Stone Soup version 0.27-a0-1065-ge809cff456 (webtiles) character file.

Game seed: 5753472448973031497

122 kae the Ruffian (level 4, -1/36 HPs)
             Began as a Draconian Transmuter on Apr 22, 2021.
             Frozen to death by an endoplasm (3 damage)
             ... on level 2 of the Dungeon.
             The game lasted 00:01:20 (2464 turns).

kae the Ruffian (Draconian Transmuter)              Turns: 2464, Time: 00:01:21

Health: -1/36      AC:  7    Str: 14    XL:     4   Next: 78%
Magic:  7/7        EV: 12    Int: 13    God:
Gold:   18         SH:  0    Dex: 11    Spells: 4/8 levels left

rFire    . . .     SeeInvis .     - Unarmed
rCold    . . .     Faith    .   (no shield)
rNeg     . . .     Spirit   .   (armour unavailable)
rPois    .         Reflect  .   (helmet restricted)
rElec    .         Harm     .   (no cloak)
rCorr    .         Rampage  .   (no gloves)
Will     .....                  a - +1 pair of boots
Stlth    +.........             (no amulet)
HPRegen  0.12/turn              (no ring)
MPRegen  0.10/turn              (no ring)

@: slowed, very slow
A: AC +5, unfitting armour, cold-blooded
a: no special abilities


You were on level 2 of the Dungeon.
You visited 1 branch of the dungeon, and saw 2 of its levels.

You collected 18 gold pieces.

Inventory:

Armour
 a - a +1 pair of boots (worn)
Scrolls
 b - a scroll of immolation
 h - a scroll of acquirement {unknown}
Potions
 c - a potion of flight {unknown}
 d - 2 potions of mutation {unknown}
 e - a potion of resistance {unknown}
 f - 2 potions of might {unknown}
 g - a potion of heal wounds {unknown}


   Skills:
 + Level 2.1 Fighting
 + Level 2.2 Dodging
 * Level 3.7 Unarmed Combat
 + Level 2.5 Spellcasting
 * Level 3.0 Transmutations
 * Level 1.2 Poison Magic


You had 4 spell levels left.
You knew the following spells:

 Your Spells              Type           Power      Damage    Failure   Level
a - Beastly Appendage     Tmut           18%        N/A       7%          1
b - Spider Form           Tmut/Pois      3%         N/A       30%         3

Your spell library contained the following spells:

 Spells                   Type           Power      Damage    Failure   Level
 Wereblood                Tmut           9%         N/A       11%         2
 Ice Form                 Ice/Tmut       5%         N/A       78%         4
 Hydra Form               Tmut           4%         N/A       88%         5


Dungeon Overview and Level Annotations

Branches:
Dungeon (2/15)

Altars:


Innate Abilities, Weirdness & Mutations

Your plain brown scales are hard. (AC +5)
You cannot fit into any form of body armour.
You are cold-blooded and may be slowed by cold attacks.


Message History

The adder bites you.
You are poisoned.
The adder poisons you! The endoplasm freezes you.
You are frozen.
The adder bites you but does no damage.
You are too injured to fight recklessly!
You are too injured to fight recklessly!
You are too injured to fight recklessly!
You are too injured to fight recklessly!
You are too injured to fight recklessly!
You are too injured to fight recklessly!
You barely miss the adder. Your punch misses the adder.
The adder is almost dead.
You feel sick. The adder bites you but does no damage. The endoplasm hits you.
The adder barely misses you. The endoplasm freezes you.
You are frozen.
You feel as though you will be slow longer.
You miss the adder.
The adder is almost dead.
You feel sick. The adder bites you but does no damage.
The endoplasm completely misses you. The adder bites you but does no damage.
You hit the adder.
You kill the adder!
You feel sick.
The endoplasm hits you but does no damage.
The endoplasm hits you.
* * * LOW HITPOINT WARNING * * *
You feel sick.
You are no longer poisoned.
The endoplasm closely misses you. The endoplasm hits you.
* * * LOW HITPOINT WARNING * * *
The endoplasm freezes you.
You are frozen.
* * * LOW HITPOINT WARNING * * *
You feel as though you will be slow longer.
The endoplasm freezes you.
You are frozen.
You die...

#.##### #.#...
######.#.# #........#
#.....# ##...## ##.##
#J# .# .# #@# ..##.##
##'## #.#...## ##...##
#....... ##.....##
#..... # ##.......##
##..#.# #
#.........####...#.###
+......)..'...........
#.........####...#.###
##.......## ##.......


You could see an endoplasm.

Vanquished Creatures
  Natasha (twice) (D:2)
  2 adders (D:2)
  3 dart slugs
  2 endoplasms (D:1)
  2 giant cockroaches
  5 goblins
  4 hobgoblins
  4 jackals (D:1)
  4 kobolds
  A quokka (D:1)
  4 ball pythons (D:1)
  6 bats
  3 frilled lizards
  3 rats (D:2)
45 creatures vanquished.

Notes
Turn   | Place    | Note
-------+----------+-------------------------------------------
     0 | D:1      | kae the Draconian Transmuter began the quest for the Orb.
     0 | D:1      | Reached XP level 1. HP: 16/16 MP: 3/3
   159 | D:1      | Reached XP level 2. HP: 9/23 MP: 3/5
  1272 | D:1      | Reached XP level 3. HP: 28/28 MP: 4/6
  1293 | D:1      | Learned a level 3 spell: Spider Form
  1667 | D:2      | Noticed Natasha
  1678 | D:2      | Killed Natasha
  2002 | D:2      | Found a faded altar of an unknown god.
  2103 | D:2      | Reached XP level 4. HP: 36/36 MP: 5/7
  2149 | D:2      | Noticed Natasha
  2155 | D:2      | Killed Natasha
  2156 | D:2      | Reached skill level 1 in Poison Magic
  2464 | D:2      | Frozen to death by an endoplasm

Illustrated notes

Levels and vault maps discovered:
D:1:      minmay_arrival_four_loops, layout_basic, kennysheep_pointless_box
D:2:      layout_loops_corners, hellmonk_ecumenical_altar_zigzags,
          hangedman_decor_lopped, uniq_natasha

Skill      XL: |  1  2  3  4 |
---------------+-------------+-----
Dodging        | 2 |  2.2
Fighting       | 2 |  2.1
Transmutations | 3 |  3.0
Poison Magic   | 1 |  1.2
Unarmed Combat | |  3.7
Spellcasting   | |  2.5

Action                   |  1- 3 |  4- 6 || total
-------------------------+-------+-------++-------
Melee: Unarmed           |    99 |    35 ||   134
       Kick              |    11 |     2 ||    13
       Headbutt          |     8 |     1 ||     9
       Tailslap          |     3 |     2 ||     5
       Punch             |       |     1 ||     1
 Cast: Beastly Appendage |    17 |     5 ||    22
       Spider Form       |     1 |     1 ||     2
  Use: Scroll            |     4 |       ||     4
Armor: Skin              |    44 |    11 ||    55
Dodge: Dodged            |    92 |    30 ||   122

Table legend: (Time is in decaauts)
 A = Elapsed time spent in this place.
 B = Non-inter-level travel time spent in this place.
 C = Inter-level travel time spent in this place.
 D = Time resting spent in this place.
 E = Time spent auto-exploring this place.
 F = Levels seen in this place.
 G = Mean time per level.
                   A        B        C        D        E       F      G
               +--------+--------+--------+--------+--------+-----+--------+
         Total |   2478 |   2453 |     25 |    276 |   1832 |   2 | 1239.0 |
       Dungeon |   2478 |   2453 |     25 |    276 |   1832 |   2 | 1239.0 |
               +--------+--------+--------+--------+--------+-----+--------+

Top non-repeatable levels by time:
     D:1: 1599 daAuts
     D:2: 879 daAuts
